AoeStats
← Baladin

Nomad

509660479Analyzed
4v4 RM · 5d ago on Sep 27, 2026· 34m 23s· 8 players
Game mode
Random Map
Map size
231×231
Population
200
Speed
Normal
Resources
Standard
Victory
Conquest
Starting age
Dark Age
Ending age
Imperial Age
RankedLock teamsTeams togetherTeam positionsShared explorationLock speedFull tech treeHidden civsTurbo modeCheats
Victory
Defeat
🇨🇳 Maya · China
1414
+13
🇻🇳 Cumans · Vietnam
1399
+14
🇪🇸 Japanese · Spain
1379
+15
🇭🇰 Mongols · Hong Kong SAR China
1366
+15
🇫🇷 Vietnamese · France
1388
-15
🇬🇷 Huns · Greece
1375
-15
🇬🇧 Varangians · United Kingdom
1341
-14
🇫🇷 Japanese · France
1318
-13
La.Reina.de.Once
3:44 Loom
14:40 Feudal Age
18:46 Castle Age
21:36 Stone Mining
23:13 Stone Shaft Mining
22:29 Gold Mining
22:37 Double-Bit Axe
25:06 Bow Saw
26:27 Horse Collar
28:39 Heavy Plow
30:28 Gold Shaft Mining
30:22 Fletching
31:49 Town Watch
32:57 Bodkin Arrow
33:03 Padded Archer Armor
34:08 Wheelbarrow
34:00 Husbandry
34:10 Bloodlines
VaultBoy
3:25 Loom
12:36 Feudal Age
14:03 Fletching
27:01 Castle Age
25:11 Double-Bit Axe
26:39 Scale Mail Armor
26:49 Forging
26:32 Horse Collar
28:55 Iron Casting
28:36 Bow Saw
28:58 Squires
28:43 Gambesons
あおぞら ひかり
3:07 Loom
13:26 Feudal Age
18:20 Castle Age
18:14 Double-Bit Axe
18:09 Horse Collar
20:09 Fletching
21:24 Bodkin Arrow
22:44 Gold Mining
22:56 Padded Archer Armor
27:19 Bow Saw
28:10 Ballistics
28:01 Town Watch
28:51 Wheelbarrow
29:31 Wheelbarrow
36:00 Imperial Age
nguyenducminhhieu
4:56 Loom
14:36 Feudal Age
16:07 Double-Bit Axe
16:28 Scale Mail Armor
16:13 Man-at-Arms
17:44 Wheelbarrow
22:36 Town Watch
25:42 Horse Collar
29:24 Castle Age
30:36 Castle Age
29:14 Gold Mining
31:33 Hand Cart
31:31 Bow Saw
31:21 Heavy Plow
34:53 Imperial Age
Saymyname3451
3:14 Loom
14:11 Feudal Age
21:04 Castle Age
21:02 Fletching
21:40 Crossbowman
22:27 Bodkin Arrow
26:55 Elite Skirmisher
31:28 Horse Collar
31:49 Double-Bit Axe
cdb
4:03 Loom
13:36 Feudal Age
16:09 Man-at-Arms
16:42 Double-Bit Axe
16:48 Gold Mining
20:02 Scale Mail Armor
20:50 Forging
22:27 Stone Mining
26:25 Castle Age
24:40 Arson
24:47 Fishing Lines
26:38 Long Swordsman
27:31 Bow Saw
27:02 Horse Collar
27:59 Stone Shaft Mining
27:23 Gambesons
29:12 Scale Barding Armor
33:37 Wheelbarrow
32:47 Town Watch
33:03 Heavy Plow
Papiz96
6:25 Loom
14:22 Feudal Age
22:42 Castle Age
Baladin
12:32 Loom
15:22 Feudal Age
15:27 Man-at-Arms
16:57 Arson
20:28 Forging
23:52 Scale Mail Armor
28:50 Castle Age
26:38 Double-Bit Axe
28:04 Horse Collar
31:09 Iron Casting
30:49 Chain Mail Armor
35:04 Imperial Age
Connection lost

Rejoining the realm…

Still unreachable

The connection could not be restored.

Session expired

The server has moved on; the page needs a fresh start.